AoeStats
← wtp_marny_beer_skill

Golden Pit

509930726Analyzed
1v1 RM · 2d ago on Sep 28, 2026· 36m 29s· 2 players
Game mode
Random Map
Map size
Tiny (2 player)
Population
200
Speed
Normal
Resources
Standard
Victory
Conquest
Starting age
Dark Age
Ending age
Imperial Age
RankedLock teamsTeams togetherTeam positionsShared explorationLock speedFull tech treeHidden civsTurbo modeCheats
Victory
Defeat
🇩🇪 Slavs · Germany
846
+18
🇨🇿 Franks · Czechia
889
-18
grey60241
11:27 Feudal Age
15:50 Castle Age
14:31 Double-Bit Axe
23:06 Squires
25:38 Forging
25:16 Horse Collar
25:37 Gold Mining
26:32 Wheelbarrow
27:45 Hand Cart
28:45 Iron Casting
28:08 Man-at-Arms
29:41 Scale Mail Armor
29:05 Long Swordsman
29:07 Pikeman
30:51 Bow Saw
31:43 Chain Mail Armor
wtp_marny_beer_skill
6:25 Loom
9:12 Feudal Age
12:17 Double-Bit Axe
22:14 Castle Age
22:23 Forging
22:19 Scale Barding Armor
24:05 Wheelbarrow
24:24 Fervor
25:59 Gold Mining
28:26 Iron Casting
28:12 Chain Barding Armor
28:24 Fletching
28:17 Pikeman
28:58 Squires
28:44 Arson
33:24 Stone Mining
34:51 Hand Cart
34:30 Man-at-Arms
Connection lost

Rejoining the realm…

Still unreachable

The connection could not be restored.

Session expired

The server has moved on; the page needs a fresh start.